Map: Dusk Towers

Players

MaxX

  • Race: Protoss Protoss
  • League: Diamond

Florencio - Winner!

  • Race: Protoss Protoss
  • League: Diamond

VOD

Have the link to the VOD?

Description

Gg

Time

  • Played on: March 12, 2016, 2:55 p.m.
  • Length: 18:27
Show
View Real Time Build Order
Export as new Build Order

MaxX Protoss 

Build Orders:  

Get SALT Encoding   

  12  0:01  Probe (Chrono Boost)  
  13  0:11  Probe (Chrono Boost)  
  14  0:17  Pylon  
  14  0:22  Probe (Chrono Boost)  
  15  0:35  Probe (Chrono Boost)  
  16  0:38  Gateway  
  16  0:43  Assimilator  
  16  0:50  Probe (Chrono Boost)  
  17  1:00  Probe (Chrono Boost)  
  18  1:27  Zealot (Chrono Boost)  
  20  1:38  Cybernetics Core  
  20  1:41  Pylon  
  20  2:01  Nexus  
  21  2:08  Probe (Chrono Boost)  
  21  2:15  Assimilator  
  22  2:22  Probe (Chrono Boost)  
  22  2:23  Warp Gate  
  22  2:33  Probe (Chrono Boost)  
  23  2:44  Probe (Chrono Boost), Stalker  
  26  2:54  Probe (Chrono Boost)  
  27  3:05  Probe (Chrono Boost)  
  28  3:08  Robotics Facility  
  28  3:09  Pylon  
  28  3:15  Probe x2 (Chrono Boost)  
  30  3:26  Mothership Core (Chrono Boost)  
  32  3:28  Probe (Chrono Boost)  
  32  3:30  Pylon  
  33  3:39  Probe (Chrono Boost)  
  34  3:44  Probe (Chrono Boost)  
  35  3:50  Probe (Chrono Boost), Stalker  
  35  3:55  Observer, Probe (Chrono Boost)  
  40  4:00  Probe (Chrono Boost)  
  41  4:05  Twilight Council  
  41  4:06  Probe (Chrono Boost)  
  42  4:11  Probe (Chrono Boost)  
  42  4:12  Gateway  
  43  4:18  Observer  
  43  4:19  Gateway  
  43  4:21  Probe (Chrono Boost)  
  43  4:23  Probe (Chrono Boost)  
  46  4:30  Pylon  
  46  4:32  Probe (Chrono Boost)  
  46  4:36  Probe (Chrono Boost)  
  48  4:42  Probe (Chrono Boost)  
  49  4:47  Probe (Chrono Boost), Blink  
  50  4:53  Probe (Chrono Boost), Pylon  
  50  4:55  Stalker  
  53  5:01  Probe (Chrono Boost)  
  53  5:03  Assimilator  
  53  5:05  Assimilator  
  54  5:08  Probe (Chrono Boost)  
  54  5:12  Probe (Chrono Boost)  
  56  5:18  Probe (Chrono Boost)  
  56  5:20  Nexus  
  57  5:22  Pylon  
  57  5:23  Probe (Chrono Boost)  
  58  5:29  Probe (Chrono Boost)  
  58  5:34  Probe (Chrono Boost)  
  60  5:40  Probe (Chrono Boost)  
  60  5:41  Stalker  
  60  5:42  Sentry, Stalker  
  67  5:50  Immortal  
  71  5:58  Pylon  
  71  5:59  Probe (Chrono Boost)  
  71  6:00  Probe (Chrono Boost)  
  73  6:04  Forge  
  73  6:06  Gateway  
  73  6:08  Gateway  
  73  6:10  Probe (Chrono Boost)  
  74  6:11  Probe (Chrono Boost)  
  74  6:18  Stalker  
  77  6:19  Zealot, Pylon  
  77  6:20  Sentry  
  77  6:22  Probe (Chrono Boost)  
  77  6:25  Probe (Chrono Boost)  
  83  6:32  Immortal, Probe (Chrono Boost)  
  87  6:37  Protoss Ground Weapons Level 1 (Chrono Boost)  
  88  6:40  Probe  
  89  6:56  Zealot  
  89  6:57  Zealot x2  
  95  7:12  Probe  
  95  7:15  Probe  
  95  7:24  Gateway, Stalker  
  95  7:25  Probe, Stalker x2  
  95  7:26  Gateway  
  95  7:27  Probe  
  95  7:28  Charge  
  103  7:30  Immortal  
  103  7:32  Gateway  
  103  7:33  Probe  
  103  7:35  Gateway  
  103  7:36  Pylon  
  108  7:37  Assimilator  
  108  7:41  Pylon  
  108  7:42  Assimilator  
  108  7:54  Nexus  
  108  7:59  Probe  
  108  8:03  Probe  
  110  8:05  Templar Archives  
  110  8:11  Pylon  
  110  8:21  Pylon  
  110  8:27  Probe  
  110  8:29  Probe  
  112  8:38  Probe  
  112  8:40  Zealot x3  
  112  8:41  Zealot x2, Probe  
  124  8:42  Nexus  
  124  8:48  High Templar  
  125  8:53  Pylon  
  125  8:54  Pylon  
  125  9:01  Psionic Storm  
  125  9:02  Protoss Ground Weapons Level 2 (Chrono Boost)  
  125  9:07  Photon Cannon  
  125  9:10  Photon Cannon  
  125  9:11  Photon Cannon  
  125  9:13  High Templar x4  
  125  9:14  Pylon  
  133  9:31  High Templar  
  135  9:40  Archon  
  135  9:41  Archon, High Templar  
  135  9:42  Zealot x2  
  141  9:48  Nexus  
  141  9:50  Pylon  
  141  9:54  Pylon  
  141  10:06  Pylon  
  141  10:08  Photon Cannon  
  141  10:09  Photon Cannon  
  141  10:10  Pylon  
  141  10:11  Pylon  
  141  10:12  Stalker x2  
  141  10:13  High Templar x2  
  141  10:14  Zealot x3  
  151  10:17  Archon  
  155  10:28  Stalker x2  
  159  10:30  Probe  
  149  10:42  Probe  
  149  10:44  High Templar  
  88  11:13  Stalker x3  
  88  11:14  Stalker x5  
  88  11:16  Stalker  
  100  11:29  Probe  
  101  11:32  Nexus  
  98  11:53  Stalker x2  
  98  11:54  Stalker x3  
  98  12:11  High Templar x2  
  98  12:15  Archon  
  102  12:20  Probe  
  103  12:24  Stalker x2  
  103  12:25  Stalker  
  109  12:30  Pylon  
  109  12:34  Pylon  
  109  12:35  Nexus  
  109  12:36  Pylon  
  109  12:54  Stalker x2  
  109  12:55  Stalker x3  
  111  13:09  Stalker  
  111  13:18  Stalker x5  
  110  13:36  Nexus  
  106  14:00  High Templar  
  108  14:03  Pylon  
  108  14:24  Nexus  
  108  14:29  Gateway  
  108  14:31  Gateway  
  108  14:35  High Templar  
  110  14:46  Nexus  
  110  14:57  Gateway  
  110  14:59  Gateway  
  110  15:13  Pylon  
  110  15:15  Zealot x2  
  113  15:37  Zealot x2  
  102  15:50  Zealot x2  
  82  16:20  High Templar x3  
  82  16:21  High Templar  
  82  16:24  Archon x2  
  45  17:12  Archon  
  45  17:15  High Templar x3  
  38  17:16  High Templar  
Show
View Real Time Build Order
Export as new Build Order

Florencio Protoss - Winner!

Build Orders: Forge Fast Expand (FFE) 

Get SALT Encoding   

  12  0:01  Probe (Chrono Boost)  
  13  0:11  Probe (Chrono Boost)  
  14  0:22  Probe (Chrono Boost), Pylon  
  15  0:40  Probe (Chrono Boost)  
  16  0:43  Forge  
  16  0:51  Probe (Chrono Boost)  
  17  1:04  Pylon  
  17  1:17  Pylon  
  17  1:25  Probe (Chrono Boost)  
  17  1:34  Nexus  
  17  1:41  Probe (Chrono Boost)  
  17  1:42  Photon Cannon  
  17  1:45  Pylon  
  18  1:52  Probe (Chrono Boost)  
  19  2:02  Probe (Chrono Boost)  
  19  2:06  Photon Cannon  
  20  2:09  Assimilator  
  20  2:14  Assimilator, Probe (Chrono Boost)  
  21  2:24  Probe (Chrono Boost)  
  22  2:30  Gateway  
  22  2:32  Pylon  
  22  2:35  Probe (Chrono Boost)  
  23  2:45  Probe (Chrono Boost)  
  23  2:46  Probe (Chrono Boost)  
  25  2:56  Probe x2 (Chrono Boost)  
  27  3:00  Photon Cannon  
  27  3:07  Photon Cannon  
  27  3:10  Probe (Chrono Boost)  
  27  3:12  Probe (Chrono Boost)  
  29  3:20  Pylon  
  29  3:21  Probe (Chrono Boost)  
  29  3:23  Probe (Chrono Boost)  
  31  3:32  Probe (Chrono Boost)  
  31  3:33  Assimilator  
  32  3:37  Assimilator  
  33  3:42  Probe (Chrono Boost)  
  33  3:44  Photon Cannon  
  33  3:47  Probe (Chrono Boost)  
  34  3:57  Cybernetics Core  
  34  4:00  Probe x2 (Chrono Boost)  
  36  4:10  Probe x2 (Chrono Boost)  
  38  4:21  Probe x2 (Chrono Boost), Pylon  
  40  4:26  Pylon  
  40  4:32  Probe (Chrono Boost)  
  41  4:39  Stargate  
  41  4:41  Stargate  
  41  4:42  Probe (Chrono Boost)  
  42  4:47  Stargate, Probe (Chrono Boost)  
  42  4:51  Pylon  
  44  4:53  Probe (Chrono Boost)  
  44  4:59  Photon Cannon  
  44  5:12  Nexus  
  44  5:18  Mothership Core (Chrono Boost)  
  46  5:24  Void Ray  
  50  5:31  Photon Cannon  
  50  5:36  Void Ray (Chrono Boost)  
  54  5:45  Void Ray (Chrono Boost)  
  58  5:52  Pylon  
  58  5:53  Probe (Chrono Boost)  
  59  6:10  Void Ray (Chrono Boost)  
  63  6:19  Void Ray (Chrono Boost)  
  67  6:27  Probe  
  67  6:28  Void Ray (Chrono Boost)  
  72  6:33  Assimilator  
  72  6:38  Assimilator, Probe x3  
  73  6:55  Photon Cannon  
  73  6:56  Photon Cannon  
  73  7:01  Pylon  
  73  7:03  Photon Cannon  
  73  7:05  Void Ray (Chrono Boost)  
  77  7:21  Photon Cannon  
  77  7:24  Probe x2  
  77  7:26  Photon Cannon  
  83  7:34  Void Ray (Chrono Boost)  
  83  7:36  Probe  
  83  7:37  Probe  
  85  7:56  Void Ray x2 (Chrono Boost)  
  93  8:00  Pylon  
  93  8:02  Pylon  
  93  8:04  Probe, Pylon  
  94  8:16  Probe  
  94  8:18  Probe  
  96  8:22  Pylon, Photon Cannon  
  96  8:24  Photon Cannon x2  
  96  8:28  Probe x2  
  96  8:29  Pylon  
  102  8:40  Void Ray (Chrono Boost), Probe  
  103  8:53  Void Ray x2 (Chrono Boost)  
  111  9:11  Stargate x2  
  111  9:14  Pylon  
  111  9:42  Void Ray (Chrono Boost)  
  111  9:43  Void Ray (Chrono Boost)  
  123  9:46  Pylon  
  123  9:47  Pylon  
  123  9:48  Void Ray (Chrono Boost), Pylon  
  123  9:50  Pylon  
  131  10:03  Void Ray x2 (Chrono Boost)  
  131  10:16  Nexus  
  131  10:18  Pylon  
  131  10:20  Void Ray (Chrono Boost)  
  139  10:31  Void Ray (Chrono Boost)  
  108  11:22  Photon Cannon  
  108  11:24  Photon Cannon  
  104  11:25  Photon Cannon  
  104  11:26  Photon Cannon  
  104  11:27  Photon Cannon  
  104  11:29  Pylon  
  124  11:33  Void Ray x2 (Chrono Boost)  
  124  11:38  Void Ray x2 (Chrono Boost)  
  124  11:39  Void Ray (Chrono Boost)  
  112  12:14  Mothership Core  
  134  12:15  Void Ray x2 (Chrono Boost)  
  134  12:21  Void Ray x3 (Chrono Boost)  
  134  12:28  Probe  
  135  12:39  Probe  
  136  12:49  Probe  
  137  12:52  Void Ray (Chrono Boost)  
  137  12:53  Void Ray (Chrono Boost)  
  149  13:03  Photon Cannon  
  149  13:04  Void Ray (Chrono Boost)  
  137  13:14  Assimilator  
  137  13:19  Assimilator  
  137  13:53  Void Ray x2 (Chrono Boost)  
  141  13:59  Void Ray x3 (Chrono Boost)  
  117  14:26  Probe  
  117  14:30  Void Ray (Chrono Boost)  
  117  14:31  Void Ray (Chrono Boost)  
  126  14:37  Probe  
  127  14:56  Probe  
  128  15:08  Probe  
  128  15:13  Nexus  
  129  15:14  Pylon  
  129  15:20  Probe  
  130  15:31  Photon Cannon  
  130  15:32  Photon Cannon  
  130  15:36  Pylon, Photon Cannon  
  118  16:02  Probe  
  117  16:13  Probe  
  118  16:23  Probe  
  115  16:34  Probe  
  116  16:41  Photon Cannon x2  
  116  16:42  Photon Cannon  
  116  16:44  Void Ray (Chrono Boost), Probe, Pylon  
  125  16:49  Void Ray (Chrono Boost)  
  119  17:20  Photon Cannon  
  119  17:21  Photon Cannon  
  119  17:22  Void Ray (Chrono Boost)  
  123  17:43  Probe  
  123  17:54  Probe  
Tags
 
Add a new tag
Caveats
  • Supply blocks, unpowered buildings, or Contaminate may cause inaccurate times.
  • Supply counts are checked every 10 seconds.